Americans vs Ice Caps

Created - Monday, April 18, 2016 at 00:49

Goals
1 2 3 OT1 OT2 T
Americans 0 1 0 0 0 1
Ice Caps 0 0 1 0 1 2
Shots
1 2 3 OT1 OT2 T
Americans 11 8 12 1 4 36
Ice Caps 8 5 8 6 6 33

1st period

No Goal

Penalties :
Justin Hodgman (RCH) for High sticking (Minor) at 7:54, Trevor Gillies (RCH) for Interference (Minor) at 16:29

2nd period

1. Americans , Spencer Abbott 1 (Marc-Andre Cliche, Grant Clitsome) at 18:08 (PP)

Penalties :
Tim Jackman (RCH) for Holding (Minor) at 0:19, Tim Jackman (RCH) for Tripping (Minor) at 5:52, B.J. Crombeen (STJ) for Fighting (Major) at 11:12, Dany Heatley (RCH) for Fighting (Major) at 11:12, FARM PLAYER31 (STJ) for Slashing (Minor) at 17:13

3rd period

2. Ice Caps , TJ Galiardi 1 (Shawn Thornton) at 1:59

Penalties :
Derek Grant (STJ) for Hooking (Minor) at 2:55, B.J. Crombeen (STJ) for Fighting (Major) at 8:45, Trevor Gillies (RCH) for Fighting (Major) at 8:45, Petri Kontiola (RCH) for Tripping (Minor) at 10:28, B.J. Crombeen (STJ) for Fighting (Major / Game Misconduct) at 14:09, Tim Jackman (RCH) for Fighting (Major) at 14:09, B.J. Crombeen (STJ) for instigated a fight (Minor) at 14:09, B.J. Crombeen (STJ) for instigated a fight (10 Minutes Misconduct) at 14:09

Overtime #1

No Goal

Penalties :
Grant Clitsome (RCH) for Hooking (Minor) at 8:51, Grant Clitsome (RCH) for Tripping (Minor) at 14:52, Patrick Bordeleau (RCH) for Delaying the game (Minor) at 18:35

Overtime #2

3. Ice Caps , Trevor Smith 1 (TJ Galiardi, Shawn Thornton) at 7:48 (PP)

Penalties :
Peter Andersson (RCH) for Hooking (Minor) at 6:05

Goalie Stats

Petr Mrazek (RCH), 31 saves from 33 shots - (0.939), OTL, 2-0-1, 87:48 minutes
Jeff Zatkoff (STJ), 35 saves from 36 shots - (0.972), W, 1-2-0, 87:48 minutes

Players Stats for Americans

Player Name              G  A  P  +/- PIM S  H  SB GA TA FO     MP     PP MP  PK MP  
------------------------------------------------------------------------------------
Chris Breen              0  0  0  -1  0   2  3  1  0  3  0/0    32:57   0:00  11:12 
Dany Heatley             0  0  0   0  5   0  7  1  0  0  0/0    27:46   0:00  10:58 
Dylan DeMelo             0  0  0  -1  0   3  1  2  1  0  0/0    26:00   0:51   0:27 
Garrett Noonan           0  0  0   0  0   2  2  3  0  0  0/0    28:17   0:51   6:22 
Grant Clitsome           0  1  1   0  4   4  3  7  4  10 0/0    37:55   2:03   8:51 
Jake Chelios             0  0  0   0  0   1  1  2  0  1  0/0    24:15   2:03   2:39 
Joel Vermin              0  0  0   0  0   2  1  0  5  1  0/1    16:27   0:00   0:00 
Justin Hodgman           0  0  0   0  2   6  0  0  1  0  2/7    20:13   0:19   0:00 
Marc-Andre Cliche        0  1  1   0  0   7  2  2  1  4  15/17  30:32   1:36  12:33 
Nick Cousins             0  0  0  -1  0   0  1  2  5  2  14/24  23:57   1:18   3:26 
Nick Drazenovic          0  0  0   0  0   1  1  0  2  1  7/11   18:52   1:17   4:39 
Patrick Bordeleau        0  0  0  -1  2   1  0  0  0  2  0/1    21:29   1:18   0:08 
Peter Andersson          0  0  0   0  2   0  0  4  0  1  0/0    26:43   0:00   5:37 
Petri Kontiola           0  0  0   0  2   1  2  1  1  0  5/11   16:43   0:00   0:00 
Ruslan Fedotenko         0  0  0   0  0   0  1  0  0  0  0/0     7:21   0:00   0:00 
Spencer Abbott           1  0  1   0  0   2  4  0  2  0  0/0    21:32   1:36   0:00 
Tim Jackman              0  0  0  -1  9   3  1  0  0  0  0/0    24:04   1:18   3:16 
Trevor Gillies           0  0  0   0  7   1  2  0  2  1  1/1    16:06   0:00   0:08 

Players Stats for Ice Caps

Player Name              G  A  P  +/- PIM S  H  SB GA TA FO     MP     PP MP  PK MP  
------------------------------------------------------------------------------------
Alex Biega               0  0  0   0  0   0  5  4  0  2  0/0    38:17   9:52   0:55 
B.J. Crombeen            0  0  0   0  37  1  2  0  2  0  0/0    12:09   3:13   0:02 
Barry Goers              0  0  0   1  0   1  0  0  0  1  0/0    18:02   0:00   0:00 
Bobby Sanguinetti        0  0  0   0  0   3  3  1  1  2  0/0    38:17   9:52   0:55 
Brandon Yip              0  0  0   0  0   1  1  0  2  0  0/0    16:46   0:00   0:00 
Chris Conner             0  0  0   0  0   2  0  0  4  0  0/1    25:27   8:03   0:00 
Derek Grant              0  0  0   0  2   1  3  2  6  3  9/23   26:04   8:03   0:00 
Drew LeBlanc             0  0  0   0  0   0  1  0  1  1  2/2    16:46   0:00   0:00 
FARM PLAYER31            0  0  0   1  2   0  0  0  0  0  0/1    21:21   0:11   0:46 
Kyle MacKinnon           0  0  0   0  0   3  3  0  6  1  8/10   16:46   0:00   0:00 
Nathan Oystrick          0  0  0   0  0   1  0  0  1  1  0/0    31:28   7:42   1:59 
Nick D'Agostino          0  0  0   0  0   1  2  3  0  1  0/0    31:28   7:42   1:59 
Paul Carey               0  0  0   0  0   3  2  2  5  0  0/3    23:58   3:53   0:00 
Shawn Thornton           0  2  2   1  0   1  7  0  4  2  0/1    27:04   9:20   0:00 
Tim Kennedy              0  0  0   0  0   2  3  1  5  0  3/4    17:29   1:19   0:00 
TJ Galiardi              1  1  2   1  0   7  4  1  4  1  6/26   29:38   9:20   2:08 
Trevor Smith             1  0  1   1  0   4  2  0  1  0  1/2    29:12   9:20   2:08 
Troy Bodie               0  0  0   0  0   2  3  0  0  0  0/0    15:43   0:00   0:44 

3 Stars

1 - TJ Galiardi (STJ)
2 - Jeff Zatkoff (STJ)
3 - Shawn Thornton (STJ)

Power Play

Americans - 1 on 4 Attempt(s) - 25.00%
Ice Caps - 1 on 9 Attempt(s) - 11.11%

Penalty Kill

Americans - 8 on 9 Attempt(s) - 88.89% - Score 0 goal in Penalty Kill
Ice Caps - 3 on 4 Attempt(s) - 75.00% - Score 0 goal in Penalty Kill

Team Stat

Americans - Hits : 32 - Faceoff Wins : 44 - Blocked Shots : 25 - Penalty Minutes : 33
Ice Caps - Hits : 41 - Faceoff Wins : 29 - Blocked Shots : 14 - Penalty Minutes : 41

Official

Referees : Unknown
Linesman : Unknown

Game Notes

Dany Heatley beats up B.J. Crombeen at 11:12 of 2nd period
Ruslan Fedotenko is injured at 12:30 of 2nd period (Bruised Right Arm)
B.J. Crombeen and Trevor Gillies fight to a draw at 8:45 of 3rd period
B.J. Crombeen and Tim Jackman fight to a draw at 14:09 of 3rd period
B.J. Crombeen ejected from game at 14:09 of 3rd period
B.J. Crombeen from Ice Caps is suspended for 1 game(s)
12:52 of 1st overtime period - Penalty Shot by Troy Bodie for Ice Caps - Shot Misses the Net

Finance

Level 1 -- Attendance: 1722 (86.10%) -- Ticket Income $48,216
Level 2 -- Attendance: 785 (78.50%) -- Ticket Income $11,775
Total Attendance: 2507 (83.57%)
Total Ticket Income: $59,991
Other Income: $29,396
Total Income: $89,387

Americans

5 vs 5 Forward 
   Center                   Left Wing                Right Wing               Time % Phy DF OF 
 1 Nick Cousins             Patrick Bordeleau        Tim Jackman              35     1   2  2  
 2 Justin Hodgman           Ruslan Fedotenko         Spencer Abbott           30     1   2  2  
 3 Nick Drazenovic          Dany Heatley             Marc-Andre Cliche        22     1   2  2  
 4 Petri Kontiola           Trevor Gillies           Joel Vermin              13     1   2  2  

5 vs 5 Defense 
   Defense                  Defense                                           Time % Phy DF OF 
 1 Dylan DeMelo             Chris Breen                                       35     1   2  2  
 2 Grant Clitsome           Jake Chelios                                      30     1   2  2  
 3 Garrett Noonan           Peter Andersson                                   22     1   2  2  
 4 Grant Clitsome           Dylan DeMelo                                      13     1   2  2  

PowerPlay Forward 
   Center                   Left Wing                Right Wing               Time % Phy DF OF 
 1 Nick Cousins             Patrick Bordeleau        Tim Jackman              60     1   2  2  
 2 Marc-Andre Cliche        Ruslan Fedotenko         Spencer Abbott           40     1   2  2  

PowerPlay Defense
   Defense                  Defense                                           Time % Phy DF OF 
 1 Jake Chelios             Grant Clitsome                                    60     1   2  2  
 2 Dylan DeMelo             Garrett Noonan                                    40     1   2  2  

Penalty Kill 4 Players Forward 
   Center                   Wing                     Time % Phy DF OF 
 1 Marc-Andre Cliche        Dany Heatley             60     1   2  2  
 2 Nick Drazenovic          Tim Jackman              40     1   2  2  

Penalty Kill 4 Players Defense
   Defense                  Defense                  Time % Phy DF OF 
 1 Grant Clitsome           Chris Breen              60     1   2  2  
 2 Garrett Noonan           Peter Andersson          40     1   2  2  

Penalty Kill - 3 Players Forward 
   Forward                                           Time % Phy DF OF 
 1 Marc-Andre Cliche                                 60     1   2  2  
 2 Nick Drazenovic                                   40     1   2  2  

Penalty Kill - 3 Players Defense
   Defense                  Defense                  Time % Phy DF OF 
 1 Grant Clitsome           Chris Breen              60     1   2  2  
 2 Garrett Noonan           Peter Andersson          40     1   2  2  

4 vs 4 Forward 
   Center                   Wing                     Time % Phy DF OF 
 1 Nick Cousins             Tim Jackman              60     1   2  2  
 2 Marc-Andre Cliche        Patrick Bordeleau        40     1   2  2  

4 vs 4 Defense
   Defense                  Defense                  Time % Phy DF OF 
 1 Jake Chelios             Grant Clitsome           60     1   2  2  
 2 Dylan DeMelo             Garrett Noonan           40     1   2  2  

Last Minutes Offensive
   Center                   Left Wing                Right Wing               Defense                  Defense                  
   Nick Cousins             Patrick Bordeleau        Tim Jackman              Grant Clitsome           Jake Chelios             

Last Minutes Defensive
   Center                   Left Wing                Right Wing               Defense                  Defense                  
   Marc-Andre Cliche        Dany Heatley             Tim Jackman              Grant Clitsome           Chris Breen              

Goaltenders
Starting : Petr Mrazek              
Backup : Jason LaBarbera          

Extra Forwards
Normal : Marc-Andre Cliche, Spencer Abbott, Ruslan Fedotenko - PP : Nick Drazenovic, Justin Hodgman - PK : Nick Cousins
Extra Defensemen
Normal : Garrett Noonan, Grant Clitsome, Peter Andersson - PP : Peter Andersson - PK : Jake Chelios, Dylan DeMelo
Penalty Shots
Nick Cousins, Spencer Abbott, Patrick Bordeleau, Nick Drazenovic, Ruslan Fedotenko

Ice Caps

5 vs 5 Forward 
   Center                   Left Wing                Right Wing               Time % Phy DF OF 
 1 TJ Galiardi              Trevor Smith             Shawn Thornton           35     1   2  2  
 2 Derek Grant              Chris Conner             B.J. Crombeen            30     1   2  2  
 3 Tim Kennedy              Paul Carey               Troy Bodie               22     1   2  2  
 4 Kyle MacKinnon           Brandon Yip              Drew LeBlanc             13     1   2  2  

5 vs 5 Defense 
   Defense                  Defense                                           Time % Phy DF OF 
 1 Bobby Sanguinetti        Alex Biega                                        35     1   2  2  
 2 Nick D'Agostino          Nathan Oystrick                                   30     1   2  2  
 3 Barry Goers              FARM PLAYER31                                     22     1   2  2  
 4 Bobby Sanguinetti        Alex Biega                                        13     1   2  2  

PowerPlay Forward 
   Center                   Left Wing                Right Wing               Time % Phy DF OF 
 1 TJ Galiardi              Trevor Smith             Shawn Thornton           60     1   2  2  
 2 Derek Grant              Chris Conner             B.J. Crombeen            40     1   2  2  

PowerPlay Defense
   Defense                  Defense                                           Time % Phy DF OF 
 1 Bobby Sanguinetti        Alex Biega                                        60     1   2  2  
 2 Nick D'Agostino          Nathan Oystrick                                   40     1   2  2  

Penalty Kill 4 Players Forward 
   Center                   Wing                     Time % Phy DF OF 
 1 TJ Galiardi              Trevor Smith             60     1   2  2  
 2 Shawn Thornton           Chris Conner             40     1   2  2  

Penalty Kill 4 Players Defense
   Defense                  Defense                  Time % Phy DF OF 
 1 Bobby Sanguinetti        Alex Biega               60     1   2  2  
 2 Nick D'Agostino          Nathan Oystrick          40     1   2  2  

Penalty Kill - 3 Players Forward 
   Forward                                           Time % Phy DF OF 
 1 TJ Galiardi                                       60     1   2  2  
 2 Trevor Smith                                      40     1   2  2  

Penalty Kill - 3 Players Defense
   Defense                  Defense                  Time % Phy DF OF 
 1 Bobby Sanguinetti        Alex Biega               60     1   2  2  
 2 Nick D'Agostino          Nathan Oystrick          40     1   2  2  

4 vs 4 Forward 
   Center                   Wing                     Time % Phy DF OF 
 1 TJ Galiardi              Trevor Smith             60     1   2  2  
 2 Shawn Thornton           Chris Conner             40     1   2  2  

4 vs 4 Defense
   Defense                  Defense                  Time % Phy DF OF 
 1 Bobby Sanguinetti        Alex Biega               60     1   2  2  
 2 Nick D'Agostino          Nathan Oystrick          40     1   2  2  

Last Minutes Offensive
   Center                   Left Wing                Right Wing               Defense                  Defense                  
   TJ Galiardi              Trevor Smith             Shawn Thornton           Bobby Sanguinetti        Alex Biega               

Last Minutes Defensive
   Center                   Left Wing                Right Wing               Defense                  Defense                  
   TJ Galiardi              Trevor Smith             Shawn Thornton           Bobby Sanguinetti        Alex Biega               

Goaltenders
Starting : Jeff Zatkoff             
Backup : Scott Greenham           

Extra Forwards
Normal : Paul Carey, Tim Kennedy, Troy Bodie - PP : Paul Carey, Tim Kennedy - PK : Troy Bodie
Extra Defensemen
Normal : Barry Goers, FARM PLAYER31, Nick D'Agostino - PP : Barry Goers - PK : FARM PLAYER31, Nick D'Agostino
Penalty Shots
TJ Galiardi, Trevor Smith, Shawn Thornton, Chris Conner, B.J. Crombeen

% Time on Ice - Americans

Lines # - Real PCT - Wanted PCT - Time Play
Normal Forward
1 - 30% - 35% - 20:16
2 - 31% - 30% - 20:48
3 - 15% - 22% - 9:49
4 - 24% - 13% - 16:27
Normal Defense
1 - 33% - 35% - 22:16
2 - 29% - 30% - 19:26
3 - 29% - 22% - 19:46
4 - 9% - 13% - 5:52
PP Forward
1 - 45% - 60% - 1:18
2 - 55% - 40% - 1:36
PP Defense
1 - 71% - 60% - 2:03
2 - 29% - 40% - 0:51
PK Forward
1 - 74% - 60% - 13:03
2 - 26% - 40% - 4:31
PK Defense
1 - 64% - 60% - 11:12
2 - 36% - 40% - 6:22
PK3 Forward
1 - 0% - 60%
2 - 0% - 40%
PK3 Defense
1 - 0% - 60%
2 - 0% - 40%
44 Forward
1 - 0% - 60%
2 - 0% - 40%
44 Defense
1 - 0% - 60%
2 - 0% - 40%
Last Minute Offensive  - 0:00
Last Minute Defensive  - 0:00
Total
Forward - 87:48
Defense - 87:48

% Time on Ice - Ice Caps

Lines # - Real PCT - Wanted PCT - Time Play
Normal Forward
1 - 28% - 35% - 19:01
2 - 26% - 30% - 17:24
3 - 21% - 22% - 14:09
4 - 25% - 13% - 16:46
Normal Defense
1 - 34% - 35% - 22:47
2 - 32% - 30% - 21:47
3 - 27% - 22% - 18:02
4 - 7% - 13% - 4:44
PP Forward
1 - 54% - 60% - 9:31
2 - 46% - 40% - 8:03
PP Defense
1 - 56% - 60% - 9:52
2 - 44% - 40% - 7:42
PK Forward
1 - 100% - 60% - 2:54
2 - 0% - 40% - 0:00
PK Defense
1 - 32% - 60% - 0:55
2 - 68% - 40% - 1:59
PK3 Forward
1 - 0% - 60%
2 - 0% - 40%
PK3 Defense
1 - 0% - 60%
2 - 0% - 40%
44 Forward
1 - 0% - 60%
2 - 0% - 40%
44 Defense
1 - 0% - 60%
2 - 0% - 40%
Last Minute Offensive  - 0:00
Last Minute Defensive  - 0:00
Total
Forward - 87:48
Defense - 87:48

Play by Play

1st period


0:01 of 1st period - Nick Cousins wins face-off versus TJ Galiardi in neutral zone.
0:12 of 1st period - Wrist shot by Tim Jackman.
0:12 of 1st period - Stopped by Jeff Zatkoff without a rebound.
0:13 of 1st period - Nick Cousins wins face-off versus Shawn Thornton in Ice Caps zone.
1:16 of 1st period - Snap shot by Justin Hodgman.
1:16 of 1st period - Stopped by Jeff Zatkoff with a rebound.
1:18 of 1st period - Slapshot by Grant Clitsome.
1:18 of 1st period - Shot Misses the Net.
1:58 of 1st period - Slapshot by Nick Drazenovic.
1:58 of 1st period - Deflect By Marc-Andre Cliche.
1:58 of 1st period - Shot Blocked by Bobby Sanguinetti.
1:58 of 1st period - Puck is out of play.
1:59 of 1st period - Derek Grant wins face-off versus Petri Kontiola in Ice Caps zone.
1:59 of 1st period - Derek Grant is hit by Joel Vermin.
2:19 of 1st period - Off-side.
2:20 of 1st period - Tim Kennedy wins face-off versus Nick Cousins in neutral zone.
2:29 of 1st period - Wrist shot by Paul Carey.
2:29 of 1st period - Shot Misses the Net.
3:10 of 1st period - Grant Clitsome is hit by Troy Bodie and loses puck.
3:21 of 1st period - B.J. Crombeen is hit by Dylan DeMelo and loses puck.
3:32 of 1st period - Wrist shot by Chris Conner.
3:32 of 1st period - Stopped by Petr Mrazek with a rebound.
4:01 of 1st period - Snap shot by Kyle MacKinnon.
4:01 of 1st period - Stopped by Petr Mrazek with a rebound.
5:06 of 1st period - Snap shot by Joel Vermin.
5:06 of 1st period - Shot Misses the Net.
5:43 of 1st period - Wrist shot by Tim Jackman.
5:43 of 1st period - Shot Blocked by Alex Biega.
5:53 of 1st period - B.J. Crombeen is hit by Chris Breen and loses puck.
6:00 of 1st period - Slapshot by Justin Hodgman.
6:00 of 1st period - Shot Misses the Net.
6:02 of 1st period - Slapshot by Jake Chelios.
6:02 of 1st period - Stopped by Jeff Zatkoff with a rebound.
6:04 of 1st period - Slapshot by Grant Clitsome.
6:04 of 1st period - Deflect By Justin Hodgman.
6:04 of 1st period - Stopped by Jeff Zatkoff with a rebound.
6:06 of 1st period - Snap shot by Grant Clitsome.
6:06 of 1st period - Shot Hit the Post.
6:08 of 1st period - Slapshot by Grant Clitsome.
6:08 of 1st period - Deflect By Chris Conner.
6:08 of 1st period - Stopped by Jeff Zatkoff with a rebound.
6:10 of 1st period - Backhand shot by Grant Clitsome.
6:10 of 1st period - Shot Misses the Net.
6:14 of 1st period - Snap shot by Ruslan Fedotenko.
6:14 of 1st period - Deflect By Spencer Abbott.
6:14 of 1st period - Stopped by Jeff Zatkoff with a rebound.
6:26 of 1st period - Snap shot by Marc-Andre Cliche.
6:26 of 1st period - Stopped by Jeff Zatkoff with a rebound.
6:32 of 1st period - Snap shot by Nick Drazenovic.
6:32 of 1st period - Shot Misses the Net.
6:34 of 1st period - Snap shot by Garrett Noonan.
6:34 of 1st period - Shot Misses the Net.
6:52 of 1st period - Snap shot by Petri Kontiola.
6:52 of 1st period - Stopped by Jeff Zatkoff with a rebound.
6:59 of 1st period - Snap shot by Trevor Gillies.
6:59 of 1st period - Shot Blocked by Derek Grant.
7:03 of 1st period - Snap shot by Grant Clitsome.
7:03 of 1st period - Shot Blocked by Alex Biega.
7:31 of 1st period - Wrist shot by Tim Kennedy.
7:31 of 1st period - Shot Misses the Net.
7:33 of 1st period - Wrist shot by Troy Bodie.
7:33 of 1st period - Stopped by Petr Mrazek with a rebound.
7:35 of 1st period - Slapshot by Nick D'Agostino.
7:35 of 1st period - Stopped by Petr Mrazek with a rebound.
7:37 of 1st period - Wrist shot by Troy Bodie.
7:37 of 1st period - Stopped by Petr Mrazek without a rebound.
7:38 of 1st period - TJ Galiardi wins face-off versus Justin Hodgman in Americans zone.
7:54 of 1st period - Minor Penalty to Justin Hodgman for High sticking.
7:55 of 1st period - Marc-Andre Cliche wins face-off versus TJ Galiardi in Americans zone.
8:27 of 1st period - Snap shot by Marc-Andre Cliche.
8:27 of 1st period - Stopped by Jeff Zatkoff with a rebound.
8:49 of 1st period - TJ Galiardi is hit by Dany Heatley and loses puck.
9:36 of 1st period - Wrist shot by Grant Clitsome.
9:36 of 1st period - Deflect By Marc-Andre Cliche.
9:36 of 1st period - Stopped by Jeff Zatkoff with a rebound.
9:42 of 1st period - Snap shot by Marc-Andre Cliche.
9:42 of 1st period - Deflect By Dany Heatley.
9:42 of 1st period - Shot Misses the Net.
9:42 of 1st period - Puck is out of play.
9:43 of 1st period - Marc-Andre Cliche wins face-off versus Paul Carey in Ice Caps zone.
9:44 of 1st period - Slapshot by Grant Clitsome.
9:44 of 1st period - Deflect By Marc-Andre Cliche.
9:44 of 1st period - Shot Misses the Net.
9:44 of 1st period - Puck is out of play.
9:45 of 1st period - Marc-Andre Cliche wins face-off versus Paul Carey in Ice Caps zone.
9:54 of 1st period - Penalty to Justin Hodgman is over, Justin Hodgman is back on ice.
10:44 of 1st period - Slapshot by Kyle MacKinnon.
10:44 of 1st period - Shot Blocked by Grant Clitsome.
10:46 of 1st period - Snap shot by Drew LeBlanc.
10:46 of 1st period - Shot Misses the Net.
10:48 of 1st period - Snap shot by Brandon Yip.
10:48 of 1st period - Stopped by Petr Mrazek with a rebound.
11:04 of 1st period - Snap shot by Kyle MacKinnon.
11:04 of 1st period - Shot Misses the Net.
11:06 of 1st period - Slapshot by Bobby Sanguinetti.
11:06 of 1st period - Shot Misses the Net.
11:42 of 1st period - Joel Vermin is hit by Drew LeBlanc and loses puck.
12:26 of 1st period - Wrist shot by TJ Galiardi.
12:26 of 1st period - Shot Blocked by Peter Andersson.
12:34 of 1st period - Snap shot by Trevor Smith.
12:34 of 1st period - Shot Misses the Net.
12:36 of 1st period - Slapshot by Nathan Oystrick.
12:36 of 1st period - Stopped by Petr Mrazek with a rebound.
12:46 of 1st period - Joel Vermin is hit by Kyle MacKinnon and loses puck.
12:51 of 1st period - Slapshot by Kyle MacKinnon.
12:51 of 1st period - Stopped by Petr Mrazek without a rebound.
12:52 of 1st period - Kyle MacKinnon wins face-off versus Nick Cousins in Americans zone.
13:25 of 1st period - Snap shot by Patrick Bordeleau.
13:25 of 1st period - Shot Misses the Net.
14:07 of 1st period - Snap shot by Marc-Andre Cliche.
14:07 of 1st period - Stopped by Jeff Zatkoff without a rebound.
14:08 of 1st period - Derek Grant wins face-off versus Nick Drazenovic in Ice Caps zone.
14:23 of 1st period - Icing by Marc-Andre Cliche.
14:24 of 1st period - Derek Grant wins face-off versus Nick Drazenovic in Americans zone.
15:55 of 1st period - Peter Andersson is hit by Trevor Smith and loses puck.
16:29 of 1st period - Minor Penalty to Trevor Gillies for Interference.
16:30 of 1st period - Marc-Andre Cliche wins face-off versus Derek Grant in Americans zone.
17:01 of 1st period - Dany Heatley is hit by B.J. Crombeen and loses puck.
17:18 of 1st period - Marc-Andre Cliche is hit by Shawn Thornton and loses puck.
17:50 of 1st period - TJ Galiardi is hit by Marc-Andre Cliche and loses puck.
18:29 of 1st period - Penalty to Trevor Gillies is over, Trevor Gillies is back on ice.
18:35 of 1st period - Wrist shot by Trevor Smith.
18:35 of 1st period - Shot Blocked by Garrett Noonan.
18:37 of 1st period - Wrist shot by TJ Galiardi.
18:37 of 1st period - Shot Blocked by Peter Andersson.
Goals for this period are 0 for Americans vs 0 for Ice Caps.
Shots for this period are 11 for Americans vs 8 for Ice Caps.

2nd period


0:01 of 2nd period - TJ Galiardi wins face-off versus Nick Cousins in neutral zone.
0:19 of 2nd period - Minor Penalty to Tim Jackman for Holding.
0:20 of 2nd period - Marc-Andre Cliche wins face-off versus Derek Grant in Americans zone.
0:30 of 2nd period - Off-side.
0:31 of 2nd period - Marc-Andre Cliche wins face-off versus Derek Grant in neutral zone.
0:56 of 2nd period - Wrist shot by B.J. Crombeen.
0:56 of 2nd period - Shot Blocked by Grant Clitsome.
0:58 of 2nd period - Snap shot by Chris Conner.
0:58 of 2nd period - Stopped by Petr Mrazek with a rebound.
1:41 of 2nd period - Dany Heatley is hit by TJ Galiardi and loses puck.
2:19 of 2nd period - Penalty to Tim Jackman is over, Tim Jackman is back on ice.
3:41 of 2nd period - Snap shot by Bobby Sanguinetti.
3:41 of 2nd period - Shot Blocked by Garrett Noonan.
4:04 of 2nd period - Snap shot by Grant Clitsome.
4:04 of 2nd period - Stopped by Jeff Zatkoff with a rebound.
4:06 of 2nd period - Slapshot by Grant Clitsome.
4:06 of 2nd period - Shot Blocked by Nick D'Agostino.
4:08 of 2nd period - Backhand shot by Joel Vermin.
4:08 of 2nd period - Stopped by Jeff Zatkoff without a rebound.
4:09 of 2nd period - Petri Kontiola wins face-off versus Derek Grant in Ice Caps zone.
4:26 of 2nd period - Petri Kontiola is hit by B.J. Crombeen and loses puck.
4:37 of 2nd period - Grant Clitsome is hit by Paul Carey and loses puck.
4:46 of 2nd period - Snap shot by Paul Carey.
4:46 of 2nd period - Shot Blocked by Petri Kontiola.
4:50 of 2nd period - Slapshot by Tim Kennedy.
4:50 of 2nd period - Shot Misses the Net.
5:33 of 2nd period - Off-side.
5:34 of 2nd period - Kyle MacKinnon wins face-off versus Nick Cousins in neutral zone.
5:36 of 2nd period - Nathan Oystrick is hit by Garrett Noonan and loses puck.
5:52 of 2nd period - Minor Penalty to Tim Jackman for Tripping.
5:53 of 2nd period - Derek Grant wins face-off versus Marc-Andre Cliche in Americans zone.
6:47 of 2nd period - Marc-Andre Cliche is hit by Bobby Sanguinetti and loses puck.
6:58 of 2nd period - Wrist shot by Shawn Thornton.
6:58 of 2nd period - Shot Misses the Net.
7:00 of 2nd period - Slapshot by Nathan Oystrick.
7:00 of 2nd period - Shot Blocked by Marc-Andre Cliche.
7:02 of 2nd period - Snap shot by Nick D'Agostino.
7:02 of 2nd period - Shot Blocked by Dany Heatley.
7:20 of 2nd period - Nathan Oystrick is hit by Nick Cousins and loses puck.
7:49 of 2nd period - Bobby Sanguinetti is hit by Nick Drazenovic and loses puck.
7:52 of 2nd period - Penalty to Tim Jackman is over, Tim Jackman is back on ice.
8:20 of 2nd period - Snap shot by Paul Carey.
8:20 of 2nd period - Shot Blocked by Chris Breen.
8:30 of 2nd period - Barry Goers is hit by Ruslan Fedotenko and loses puck.
8:37 of 2nd period - Ruslan Fedotenko is hit by Tim Kennedy and loses puck.
8:42 of 2nd period - Snap shot by Tim Kennedy.
8:42 of 2nd period - Stopped by Petr Mrazek without a rebound.
8:43 of 2nd period - Petri Kontiola wins face-off versus Kyle MacKinnon in Americans zone.
9:12 of 2nd period - Nick D'Agostino is hit by Garrett Noonan.
10:20 of 2nd period - Derek Grant is hit by Spencer Abbott and loses puck.
10:31 of 2nd period - Snap shot by B.J. Crombeen.
10:31 of 2nd period - Stopped by Petr Mrazek without a rebound.
10:32 of 2nd period - Nick Drazenovic wins face-off versus TJ Galiardi in Americans zone.
11:12 of 2nd period - Dany Heatley beats up B.J. Crombeen.
11:12 of 2nd period - Penalty to B.J. Crombeen for Fighting.
11:12 of 2nd period - Penalty to Dany Heatley for Fighting.
11:13 of 2nd period - Derek Grant wins face-off versus Nick Cousins in Americans zone.
11:16 of 2nd period - Wrist shot by Chris Conner.
11:16 of 2nd period - Shot Blocked by Nick Cousins.
12:29 of 2nd period - Ruslan Fedotenko is hit by Trevor Smith and loses puck.
12:30 of 2nd period - Ruslan Fedotenko from Americans is injured at 12:30 of 2nd period (Bruised Right Arm).
12:31 of 2nd period - TJ Galiardi wins face-off versus Patrick Bordeleau in Americans zone.
12:54 of 2nd period - Tim Jackman is hit by Bobby Sanguinetti.
13:00 of 2nd period - Nick Cousins is hit by Shawn Thornton and loses puck.
13:05 of 2nd period - Wrist shot by Trevor Smith.
13:05 of 2nd period - Shot Misses the Net.
13:07 of 2nd period - Slapshot by TJ Galiardi.
13:07 of 2nd period - Stopped by Petr Mrazek without a rebound.
13:08 of 2nd period - Nick Drazenovic wins face-off versus Derek Grant in Americans zone.
13:30 of 2nd period - Backhand shot by Grant Clitsome.
13:30 of 2nd period - Shot Blocked by Derek Grant.
13:32 of 2nd period - Snap shot by Jake Chelios.
13:32 of 2nd period - Shot Misses the Net.
13:34 of 2nd period - Wrist shot by Marc-Andre Cliche.
13:34 of 2nd period - Stopped by Jeff Zatkoff without a rebound.
13:35 of 2nd period - Petri Kontiola wins face-off versus Kyle MacKinnon in Ice Caps zone.
13:48 of 2nd period - Snap shot by Bobby Sanguinetti.
13:48 of 2nd period - Stopped by Petr Mrazek with a rebound.
14:07 of 2nd period - Brandon Yip is hit by Trevor Gillies and loses puck.
14:22 of 2nd period - Slapshot by Patrick Bordeleau.
14:22 of 2nd period - Shot Misses the Net.
14:30 of 2nd period - Snap shot by Tim Jackman.
14:30 of 2nd period - Stopped by Jeff Zatkoff with a rebound.
14:32 of 2nd period - Snap shot by Jake Chelios.
14:32 of 2nd period - Deflect By Tim Jackman.
14:32 of 2nd period - Shot Misses the Net.
14:32 of 2nd period - Puck is out of play.
14:33 of 2nd period - TJ Galiardi wins face-off versus Nick Cousins in Ice Caps zone.
14:50 of 2nd period - Snap shot by Trevor Smith.
14:50 of 2nd period - Shot Blocked by Grant Clitsome.
14:52 of 2nd period - Wrist shot by Trevor Smith.
14:52 of 2nd period - Shot Misses the Net.
15:22 of 2nd period - Derek Grant is hit by Marc-Andre Cliche and loses puck.
15:36 of 2nd period - Marc-Andre Cliche is hit by Paul Carey and loses puck.
17:13 of 2nd period - Minor Penalty to FARM PLAYER31 for Slashing.
17:14 of 2nd period - Nick Cousins wins face-off versus TJ Galiardi in Ice Caps zone.
17:58 of 2nd period - Slapshot by Grant Clitsome.
17:58 of 2nd period - Shot Misses the Net.
18:00 of 2nd period - Slapshot by Grant Clitsome.
18:00 of 2nd period - Shot Misses the Net.
18:08 of 2nd period - Backhand shot by Spencer Abbott.
18:08 of 2nd period - Goal by Spencer Abbott - Americans : 1 - Ice Caps : 0.
18:09 of 2nd period - Nick Drazenovic wins face-off versus Chris Conner in neutral zone.
18:32 of 2nd period - Derek Grant is hit by Dany Heatley and loses puck.
19:01 of 2nd period - Garrett Noonan is hit by Troy Bodie and loses puck.
19:10 of 2nd period - Paul Carey is hit by Dany Heatley.
19:30 of 2nd period - Wrist shot by Patrick Bordeleau.
19:30 of 2nd period - Shot Blocked by Paul Carey.
19:32 of 2nd period - Wrist shot by Patrick Bordeleau.
19:32 of 2nd period - Stopped by Jeff Zatkoff with a rebound.
19:34 of 2nd period - Slapshot by Dylan DeMelo.
19:34 of 2nd period - Deflect By Paul Carey.
19:34 of 2nd period - Stopped by Jeff Zatkoff with a rebound.
19:36 of 2nd period - Slapshot by Grant Clitsome.
19:36 of 2nd period - Stopped by Jeff Zatkoff without a rebound.
19:37 of 2nd period - Drew LeBlanc wins face-off versus Petri Kontiola in Ice Caps zone.
Goals for this period are 1 for Americans vs 0 for Ice Caps.
Shots for this period are 8 for Americans vs 5 for Ice Caps.

3rd period


0:01 of 3rd period - Nick Cousins wins face-off versus TJ Galiardi in neutral zone.
0:14 of 3rd period - Wrist shot by TJ Galiardi.
0:14 of 3rd period - Shot Blocked by Grant Clitsome.
0:18 of 3rd period - Snap shot by Trevor Smith.
0:18 of 3rd period - Stopped by Petr Mrazek without a rebound.
0:19 of 3rd period - Nick Cousins wins face-off versus TJ Galiardi in Americans zone.
0:34 of 3rd period - Snap shot by Shawn Thornton.
0:34 of 3rd period - Stopped by Petr Mrazek without a rebound.
0:35 of 3rd period - Derek Grant wins face-off versus Nick Drazenovic in Americans zone.
1:35 of 3rd period - Snap shot by Tim Kennedy.
1:35 of 3rd period - Shot Misses the Net.
1:37 of 3rd period - Snap shot by Tim Kennedy.
1:37 of 3rd period - Stopped by Petr Mrazek with a rebound.
1:47 of 3rd period - Snap shot by Paul Carey.
1:47 of 3rd period - Shot Misses the Net.
1:49 of 3rd period - Wrist shot by Paul Carey.
1:49 of 3rd period - Stopped by Petr Mrazek without a rebound.
1:50 of 3rd period - TJ Galiardi wins face-off versus Nick Cousins in Americans zone.
1:57 of 3rd period - Wrist shot by TJ Galiardi.
1:57 of 3rd period - Shot Blocked by Dylan DeMelo.
1:59 of 3rd period - Snap shot by TJ Galiardi.
1:59 of 3rd period - Goal by TJ Galiardi - Americans : 1 - Ice Caps : 1.
2:00 of 3rd period - Nick Cousins wins face-off versus TJ Galiardi in neutral zone.
2:05 of 3rd period - Snap shot by Tim Jackman.
2:05 of 3rd period - Shot Misses the Net.
2:23 of 3rd period - Tim Jackman is hit by Shawn Thornton and loses puck.
2:55 of 3rd period - Minor Penalty to Derek Grant for Hooking.
2:56 of 3rd period - Marc-Andre Cliche wins face-off versus TJ Galiardi in Ice Caps zone.
2:57 of 3rd period - Wrist shot by Grant Clitsome.
2:57 of 3rd period - Shot Misses the Net.
3:15 of 3rd period - Slapshot by Grant Clitsome.
3:15 of 3rd period - Shot Blocked by Nick D'Agostino.
3:20 of 3rd period - Wrist shot by Marc-Andre Cliche.
3:20 of 3rd period - Stopped by Jeff Zatkoff with a rebound.
3:22 of 3rd period - Wrist shot by Marc-Andre Cliche.
3:22 of 3rd period - Shot Misses the Net.
3:24 of 3rd period - Snap shot by Marc-Andre Cliche.
3:24 of 3rd period - Shot Misses the Net.
4:46 of 3rd period - Nathan Oystrick is hit by Grant Clitsome and loses puck.
4:55 of 3rd period - Penalty to Derek Grant is over, Derek Grant is back on ice.
5:28 of 3rd period - Snap shot by Trevor Gillies.
5:28 of 3rd period - Shot Misses the Net.
5:30 of 3rd period - Wrist shot by Garrett Noonan.
5:30 of 3rd period - Shot Misses the Net.
5:32 of 3rd period - Backhand shot by Garrett Noonan.
5:32 of 3rd period - Stopped by Jeff Zatkoff without a rebound.
5:33 of 3rd period - Kyle MacKinnon wins face-off versus Justin Hodgman in Ice Caps zone.
6:37 of 3rd period - Joel Vermin is hit by Tim Kennedy and loses puck.
7:11 of 3rd period - Icing by Nick Cousins.
7:12 of 3rd period - Nick Cousins wins face-off versus Derek Grant in Americans zone.
7:29 of 3rd period - Patrick Bordeleau is hit by Alex Biega and loses puck.
7:35 of 3rd period - Icing by Tim Jackman.
7:36 of 3rd period - Nick Cousins wins face-off versus TJ Galiardi in Americans zone.
7:36 of 3rd period - Nick Cousins is hit by Shawn Thornton.
7:42 of 3rd period - Tim Jackman is hit by Shawn Thornton and loses puck.
7:59 of 3rd period - Dylan DeMelo is hit by Shawn Thornton.
8:13 of 3rd period - Trevor Smith is hit by Dany Heatley and loses puck.
8:35 of 3rd period - Icing by Nick Drazenovic.
8:36 of 3rd period - Nick Drazenovic wins face-off versus Derek Grant in Americans zone.
8:42 of 3rd period - Off-side.
8:43 of 3rd period - Trevor Gillies wins face-off versus Derek Grant in neutral zone.
8:45 of 3rd period - B.J. Crombeen and Trevor Gillies fight to a draw.
8:45 of 3rd period - Penalty to B.J. Crombeen for Fighting.
8:45 of 3rd period - Penalty to Trevor Gillies for Fighting.
8:46 of 3rd period - Derek Grant wins face-off versus Justin Hodgman in Ice Caps zone.
8:56 of 3rd period - Marc-Andre Cliche is hit by Derek Grant and loses puck.
9:11 of 3rd period - Paul Carey is hit by Spencer Abbott and loses puck.
9:38 of 3rd period - Tim Jackman is hit by Nick D'Agostino and loses puck.
9:46 of 3rd period - Icing by Shawn Thornton.
9:47 of 3rd period - Nick Cousins wins face-off versus TJ Galiardi in Ice Caps zone.
10:09 of 3rd period - Slapshot by Tim Jackman.
10:09 of 3rd period - Shot Misses the Net.
10:17 of 3rd period - Slapshot by Grant Clitsome.
10:17 of 3rd period - Deflect By Trevor Smith.
10:17 of 3rd period - Stopped by Jeff Zatkoff without a rebound.
10:18 of 3rd period - Drew LeBlanc wins face-off versus Joel Vermin in Ice Caps zone.
10:18 of 3rd period - Drew LeBlanc is hit by Petri Kontiola.
10:28 of 3rd period - Minor Penalty to Petri Kontiola for Tripping.
10:29 of 3rd period - Marc-Andre Cliche wins face-off versus Derek Grant in Americans zone.
10:29 of 3rd period - Marc-Andre Cliche is hit by Derek Grant.
11:26 of 3rd period - Grant Clitsome is hit by TJ Galiardi and loses puck.
11:31 of 3rd period - Snap shot by Trevor Smith.
11:31 of 3rd period - Shot Misses the Net.
12:22 of 3rd period - Snap shot by TJ Galiardi.
12:22 of 3rd period - Stopped by Petr Mrazek with a rebound.
12:28 of 3rd period - Penalty to Petri Kontiola is over, Petri Kontiola is back on ice.
12:34 of 3rd period - Nick D'Agostino is hit by Tim Jackman and loses puck.
12:59 of 3rd period - Snap shot by Justin Hodgman.
12:59 of 3rd period - Stopped by Jeff Zatkoff with a rebound.
13:01 of 3rd period - Slapshot by Garrett Noonan.
13:01 of 3rd period - Shot Misses the Net.
13:03 of 3rd period - Slapshot by Garrett Noonan.
13:03 of 3rd period - Deflect By Justin Hodgman.
13:03 of 3rd period - Stopped by Jeff Zatkoff without a rebound.
13:04 of 3rd period - Tim Kennedy wins face-off versus Justin Hodgman in Ice Caps zone.
13:04 of 3rd period - Tim Kennedy is hit by Spencer Abbott.
13:14 of 3rd period - Snap shot by Tim Kennedy.
13:14 of 3rd period - Shot Blocked by Peter Andersson.
13:49 of 3rd period - Troy Bodie is hit by Petri Kontiola and loses puck.
14:09 of 3rd period - B.J. Crombeen and Tim Jackman fight to a draw.
14:09 of 3rd period - Penalty to B.J. Crombeen for Fighting.
14:09 of 3rd period - B.J. Crombeen is ejected from game.
14:09 of 3rd period - Penalty to Tim Jackman for Fighting.
14:09 of 3rd period - Penalty to B.J. Crombeen for instigated a fight.
14:09 of 3rd period - Penalty to B.J. Crombeen for instigated a fight.
14:10 of 3rd period - Trevor Smith wins face-off versus Nick Cousins in neutral zone.
14:20 of 3rd period - Off-side.
14:21 of 3rd period - Nick Cousins wins face-off versus TJ Galiardi in neutral zone.
14:38 of 3rd period - Wrist shot by Trevor Smith.
14:38 of 3rd period - Stopped by Petr Mrazek with a rebound.
14:40 of 3rd period - Wrist shot by TJ Galiardi.
14:40 of 3rd period - Shot Misses the Net.
14:42 of 3rd period - Snap shot by Trevor Smith.
14:42 of 3rd period - Shot Misses the Net.
14:44 of 3rd period - Snap shot by Shawn Thornton.
14:44 of 3rd period - Shot Blocked by Jake Chelios.
14:46 of 3rd period - Snap shot by Shawn Thornton.
14:46 of 3rd period - Shot Misses the Net.
14:54 of 3rd period - Wrist shot by Trevor Smith.
14:54 of 3rd period - Shot Blocked by Grant Clitsome.
15:30 of 3rd period - Snap shot by Justin Hodgman.
15:30 of 3rd period - Shot Misses the Net.
15:32 of 3rd period - Snap shot by Justin Hodgman.
15:32 of 3rd period - Shot Misses the Net.
15:34 of 3rd period - Slapshot by Chris Breen.
15:34 of 3rd period - Deflect By Chris Conner.
15:34 of 3rd period - Stopped by Jeff Zatkoff without a rebound.
15:35 of 3rd period - Kyle MacKinnon wins face-off versus Petri Kontiola in Ice Caps zone.
15:40 of 3rd period - Snap shot by Bobby Sanguinetti.
15:40 of 3rd period - Stopped by Petr Mrazek without a rebound.
15:41 of 3rd period - Kyle MacKinnon wins face-off versus Petri Kontiola in Americans zone.
16:54 of 3rd period - Trevor Smith is hit by Chris Breen and loses puck.
17:10 of 3rd period - Icing by Trevor Smith.
17:11 of 3rd period - Nick Cousins wins face-off versus TJ Galiardi in Ice Caps zone.
17:35 of 3rd period - Off-side.
17:36 of 3rd period - Petri Kontiola wins face-off versus Derek Grant in neutral zone.
17:38 of 3rd period - Off-side.
17:39 of 3rd period - Petri Kontiola wins face-off versus Derek Grant in neutral zone.
17:44 of 3rd period - Snap shot by Garrett Noonan.
17:44 of 3rd period - Deflect By Joel Vermin.
17:44 of 3rd period - Shot Misses the Net.
17:44 of 3rd period - Puck is out of play.
17:45 of 3rd period - Derek Grant wins face-off versus Petri Kontiola in Ice Caps zone.
17:57 of 3rd period - Slapshot by Petri Kontiola.
17:57 of 3rd period - Shot Hit the Post.
17:59 of 3rd period - Wrist shot by Trevor Gillies.
17:59 of 3rd period - Shot Blocked by Nick D'Agostino.
18:01 of 3rd period - Snap shot by Joel Vermin.
18:01 of 3rd period - Stopped by Jeff Zatkoff with a rebound.
18:03 of 3rd period - Snap shot by Trevor Gillies.
18:03 of 3rd period - Shot Misses the Net.
18:05 of 3rd period - Slapshot by Garrett Noonan.
18:05 of 3rd period - Stopped by Jeff Zatkoff with a rebound.
18:34 of 3rd period - Nathan Oystrick is hit by Dany Heatley and loses puck.
18:47 of 3rd period - Marc-Andre Cliche is hit by TJ Galiardi and loses puck.
19:32 of 3rd period - Wrist shot by Tim Jackman.
19:32 of 3rd period - Stopped by Jeff Zatkoff with a rebound.
19:34 of 3rd period - Slapshot by Chris Breen.
19:34 of 3rd period - Stopped by Jeff Zatkoff with a rebound.
19:36 of 3rd period - Slapshot by Chris Breen.
19:36 of 3rd period - Shot Blocked by Alex Biega.
19:38 of 3rd period - Backhand shot by Dylan DeMelo.
19:38 of 3rd period - Stopped by Jeff Zatkoff with a rebound.
19:44 of 3rd period - Slapshot by Patrick Bordeleau.
19:44 of 3rd period - Shot Misses the Net.
19:46 of 3rd period - Snap shot by Dylan DeMelo.
19:46 of 3rd period - Deflect By Kyle MacKinnon.
19:46 of 3rd period - Stopped by Jeff Zatkoff with a rebound.
Goals for this period are 0 for Americans vs 1 for Ice Caps.
Shots for this period are 12 for Americans vs 8 for Ice Caps.

Overtime #1


0:01 of 1st overtime period - TJ Galiardi wins face-off versus Nick Cousins in neutral zone.
0:18 of 1st overtime period - Snap shot by Patrick Bordeleau.
0:18 of 1st overtime period - Shot Misses the Net.
0:44 of 1st overtime period - Icing by Tim Jackman.
0:45 of 1st overtime period - Nick Cousins wins face-off versus Paul Carey in Americans zone.
0:45 of 1st overtime period - Nick Cousins is hit by Derek Grant.
0:57 of 1st overtime period - Off-side.
0:58 of 1st overtime period - Nick Drazenovic wins face-off versus Derek Grant in neutral zone.
1:01 of 1st overtime period - Nathan Oystrick is hit by Dany Heatley and loses puck.
1:07 of 1st overtime period - Off-side.
1:08 of 1st overtime period - Nick Drazenovic wins face-off versus Tim Kennedy in neutral zone.
1:23 of 1st overtime period - Wrist shot by Paul Carey.
1:23 of 1st overtime period - Shot Misses the Net.
1:59 of 1st overtime period - Derek Grant is hit by Dany Heatley and loses puck.
3:02 of 1st overtime period - Snap shot by TJ Galiardi.
3:02 of 1st overtime period - Shot Misses the Net.
3:04 of 1st overtime period - Wrist shot by Shawn Thornton.
3:04 of 1st overtime period - Shot Misses the Net.
3:21 of 1st overtime period - Icing by Grant Clitsome.
3:22 of 1st overtime period - Kyle MacKinnon wins face-off versus Petri Kontiola in Americans zone.
4:42 of 1st overtime period - Snap shot by Paul Carey.
4:42 of 1st overtime period - Stopped by Petr Mrazek with a rebound.
4:44 of 1st overtime period - Slapshot by Nick D'Agostino.
4:44 of 1st overtime period - Shot Misses the Net.
4:58 of 1st overtime period - TJ Galiardi is hit by Spencer Abbott and loses puck.
5:13 of 1st overtime period - Marc-Andre Cliche is hit by Nick D'Agostino and loses puck.
6:02 of 1st overtime period - Snap shot by Derek Grant.
6:02 of 1st overtime period - Deflect By Paul Carey.
6:02 of 1st overtime period - Shot Blocked by Garrett Noonan.
6:02 of 1st overtime period - Puck is out of play.
6:03 of 1st overtime period - Justin Hodgman wins face-off versus Derek Grant in Americans zone.
6:08 of 1st overtime period - Bobby Sanguinetti is hit by Jake Chelios and loses puck.
6:44 of 1st overtime period - Slapshot by Grant Clitsome.
6:44 of 1st overtime period - Shot Blocked by Alex Biega.
6:49 of 1st overtime period - Wrist shot by Petri Kontiola.
6:49 of 1st overtime period - Shot Misses the Net.
6:59 of 1st overtime period - Joel Vermin is hit by Kyle MacKinnon and loses puck.
7:36 of 1st overtime period - Nick Drazenovic is hit by Shawn Thornton and loses puck.
8:51 of 1st overtime period - Minor Penalty to Grant Clitsome for Hooking.
8:52 of 1st overtime period - Marc-Andre Cliche wins face-off versus TJ Galiardi in Americans zone.
9:08 of 1st overtime period - Slapshot by Trevor Smith.
9:08 of 1st overtime period - Shot Blocked by Nick Cousins.
9:09 of 1st overtime period - 10 Minutes Misconduct Penalty to B.J. Crombeen is over.
9:10 of 1st overtime period - Snap shot by Bobby Sanguinetti.
9:10 of 1st overtime period - Deflect By Trevor Smith.
9:10 of 1st overtime period - Shot Misses the Net.
9:10 of 1st overtime period - Puck is out of play.
9:11 of 1st overtime period - Marc-Andre Cliche wins face-off versus TJ Galiardi in Americans zone.
9:22 of 1st overtime period - Marc-Andre Cliche is hit by Alex Biega and loses puck.
10:33 of 1st overtime period - Wrist shot by TJ Galiardi.
10:33 of 1st overtime period - Shot Misses the Net.
10:51 of 1st overtime period - Penalty to Grant Clitsome is over, Grant Clitsome is back on ice.
10:53 of 1st overtime period - Alex Biega is hit by Grant Clitsome and loses puck.
11:12 of 1st overtime period - Snap shot by Brandon Yip.
11:12 of 1st overtime period - Shot Blocked by Jake Chelios.
11:58 of 1st overtime period - Snap shot by Trevor Gillies.
11:58 of 1st overtime period - Shot Blocked by Tim Kennedy.
12:00 of 1st overtime period - Wrist shot by Joel Vermin.
12:00 of 1st overtime period - Shot Blocked by Paul Carey.
12:06 of 1st overtime period - Snap shot by Trevor Gillies.
12:06 of 1st overtime period - Stopped by Jeff Zatkoff with a rebound.
12:08 of 1st overtime period - Snap shot by Trevor Gillies.
12:08 of 1st overtime period - Shot Misses the Net.
12:10 of 1st overtime period - Slapshot by Petri Kontiola.
12:10 of 1st overtime period - Shot Misses the Net.
12:52 of 1st overtime period - Penalty Shot by Troy Bodie for Ice Caps.
12:52 of 1st overtime period - Wrist shot by Troy Bodie.
12:52 of 1st overtime period - Shot Misses the Net.
12:53 of 1st overtime period - Nick Cousins wins face-off versus TJ Galiardi in Ice Caps zone.
13:25 of 1st overtime period - Slapshot by Bobby Sanguinetti.
13:25 of 1st overtime period - Stopped by Petr Mrazek with a rebound.
13:45 of 1st overtime period - Wrist shot by Derek Grant.
13:45 of 1st overtime period - Shot Misses the Net.
13:47 of 1st overtime period - Snap shot by TJ Galiardi.
13:47 of 1st overtime period - Stopped by Petr Mrazek with a rebound.
13:49 of 1st overtime period - Snap shot by TJ Galiardi.
13:49 of 1st overtime period - Shot Misses the Net.
13:51 of 1st overtime period - Slapshot by Barry Goers.
13:51 of 1st overtime period - Shot Misses the Net.
14:03 of 1st overtime period - Wrist shot by Kyle MacKinnon.
14:03 of 1st overtime period - Shot Misses the Net.
14:33 of 1st overtime period - Chris Breen is hit by Brandon Yip and loses puck.
14:52 of 1st overtime period - Minor Penalty to Grant Clitsome for Tripping.
14:53 of 1st overtime period - Marc-Andre Cliche wins face-off versus Derek Grant in Americans zone.
15:21 of 1st overtime period - Derek Grant is hit by Chris Breen and loses puck.
15:42 of 1st overtime period - Snap shot by Trevor Smith.
15:42 of 1st overtime period - Deflect By Chris Breen.
15:42 of 1st overtime period - Shot Misses the Net.
15:42 of 1st overtime period - Puck is out of play.
15:43 of 1st overtime period - Nick Cousins wins face-off versus TJ Galiardi in Americans zone.
15:58 of 1st overtime period - Nick Cousins is hit by TJ Galiardi.
16:42 of 1st overtime period - Peter Andersson is hit by Tim Kennedy and loses puck.
16:52 of 1st overtime period - Penalty to Grant Clitsome is over, Grant Clitsome is back on ice.
17:09 of 1st overtime period - Garrett Noonan is hit by Bobby Sanguinetti and loses puck.
17:35 of 1st overtime period - Grant Clitsome is hit by Kyle MacKinnon and loses puck.
17:42 of 1st overtime period - Snap shot by Kyle MacKinnon.
17:42 of 1st overtime period - Stopped by Petr Mrazek without a rebound.
17:43 of 1st overtime period - Justin Hodgman wins face-off versus TJ Galiardi in Americans zone.
18:04 of 1st overtime period - Snap shot by TJ Galiardi.
18:04 of 1st overtime period - Shot Misses the Net.
18:06 of 1st overtime period - Slapshot by TJ Galiardi.
18:06 of 1st overtime period - Stopped by Petr Mrazek with a rebound.
18:18 of 1st overtime period - Slapshot by Tim Kennedy.
18:18 of 1st overtime period - Shot Blocked by Grant Clitsome.
18:20 of 1st overtime period - Slapshot by Barry Goers.
18:20 of 1st overtime period - Stopped by Petr Mrazek without a rebound.
18:21 of 1st overtime period - Tim Kennedy wins face-off versus Nick Cousins in Americans zone.
18:35 of 1st overtime period - Minor Penalty to Patrick Bordeleau for Delaying the game.
18:36 of 1st overtime period - Marc-Andre Cliche wins face-off versus TJ Galiardi in Americans zone.
19:47 of 1st overtime period - Chris Breen is hit by Alex Biega and loses puck.
19:58 of 1st overtime period - Nick Cousins is hit by Alex Biega.
Goals for this period are 0 for Americans vs 0 for Ice Caps.
Shots for this period are 1 for Americans vs 6 for Ice Caps.

Overtime #2


0:01 of 2nd overtime period - Marc-Andre Cliche wins face-off versus Trevor Smith in neutral zone.
0:04 of 2nd overtime period - Trevor Smith is hit by Grant Clitsome and loses puck.
0:08 of 2nd overtime period - Icing by Alex Biega.
0:09 of 2nd overtime period - Marc-Andre Cliche wins face-off versus TJ Galiardi in Ice Caps zone.
0:12 of 2nd overtime period - Snap shot by Marc-Andre Cliche.
0:12 of 2nd overtime period - Shot Blocked by TJ Galiardi.
0:35 of 2nd overtime period - Penalty to Patrick Bordeleau is over, Patrick Bordeleau is back on ice.
1:15 of 2nd overtime period - Snap shot by Justin Hodgman.
1:15 of 2nd overtime period - Stopped by Jeff Zatkoff with a rebound.
1:19 of 2nd overtime period - Wrist shot by Spencer Abbott.
1:19 of 2nd overtime period - Shot Misses the Net.
1:21 of 2nd overtime period - Wrist shot by Justin Hodgman.
1:21 of 2nd overtime period - Stopped by Jeff Zatkoff without a rebound.
1:22 of 2nd overtime period - Kyle MacKinnon wins face-off versus Justin Hodgman in Ice Caps zone.
2:12 of 2nd overtime period - Joel Vermin is hit by Troy Bodie and loses puck.
2:25 of 2nd overtime period - Wrist shot by Paul Carey.
2:25 of 2nd overtime period - Shot Blocked by Peter Andersson.
2:39 of 2nd overtime period - Nick D'Agostino is hit by Trevor Gillies and loses puck.
3:39 of 2nd overtime period - Snap shot by TJ Galiardi.
3:39 of 2nd overtime period - Shot Blocked by Marc-Andre Cliche.
3:47 of 2nd overtime period - Slapshot by TJ Galiardi.
3:47 of 2nd overtime period - Stopped by Petr Mrazek with a rebound.
3:49 of 2nd overtime period - Slapshot by Alex Biega.
3:49 of 2nd overtime period - Shot Blocked by Grant Clitsome.
3:55 of 2nd overtime period - Wrist shot by Trevor Smith.
3:55 of 2nd overtime period - Deflect By Marc-Andre Cliche.
3:55 of 2nd overtime period - Stopped by Petr Mrazek with a rebound.
4:35 of 2nd overtime period - Icing by Chris Conner.
4:36 of 2nd overtime period - Nick Drazenovic wins face-off versus FARM PLAYER31 in Ice Caps zone.
4:41 of 2nd overtime period - Slapshot by Marc-Andre Cliche.
4:41 of 2nd overtime period - Stopped by Jeff Zatkoff without a rebound.
4:42 of 2nd overtime period - Kyle MacKinnon wins face-off versus Nick Drazenovic in Ice Caps zone.
4:51 of 2nd overtime period - Snap shot by Marc-Andre Cliche.
4:51 of 2nd overtime period - Shot Misses the Net.
4:55 of 2nd overtime period - Wrist shot by Nick Drazenovic.
4:55 of 2nd overtime period - Stopped by Jeff Zatkoff with a rebound.
5:13 of 2nd overtime period - Slapshot by Brandon Yip.
5:13 of 2nd overtime period - Shot Blocked by Dylan DeMelo.
6:05 of 2nd overtime period - Minor Penalty to Peter Andersson for Hooking.
6:06 of 2nd overtime period - Marc-Andre Cliche wins face-off versus TJ Galiardi in Americans zone.
6:15 of 2nd overtime period - Marc-Andre Cliche is hit by Alex Biega and loses puck.
7:02 of 2nd overtime period - Wrist shot by Paul Carey.
7:02 of 2nd overtime period - Stopped by Petr Mrazek without a rebound.
7:03 of 2nd overtime period - Derek Grant wins face-off versus Marc-Andre Cliche in Americans zone.
7:09 of 2nd overtime period - Snap shot by Paul Carey.
7:09 of 2nd overtime period - Shot Misses the Net.
7:28 of 2nd overtime period - Slapshot by Derek Grant.
7:28 of 2nd overtime period - Stopped by Petr Mrazek with a rebound.
7:44 of 2nd overtime period - Snap shot by TJ Galiardi.
7:44 of 2nd overtime period - Stopped by Petr Mrazek with a rebound.
7:46 of 2nd overtime period - Wrist shot by TJ Galiardi.
7:46 of 2nd overtime period - Shot Hit the Post.
7:48 of 2nd overtime period - Wrist shot by Trevor Smith.
7:48 of 2nd overtime period - Goal by Trevor Smith - Americans : 1 - Ice Caps : 2.
Goals for this period are 0 for Americans vs 1 for Ice Caps.
Shots for this period are 4 for Americans vs 6 for Ice Caps.